 Dungeon Crawl Stone Soup version 0.20.0-15-g7f486f2 (webtiles) character file.

101 greprep the Shield-Bearer (level 4, -11/40 HPs)
             Began as a Minotaur Fighter on June 9, 2017.
             Killed by divine providence
             ... invoked by an orc priest
              (15 damage)
             ... on level 3 of the Dungeon.
             The game lasted 00:02:13 (1210 turns).

greprep the Shield-Bearer (Minotaur Fighter)        Turns: 1210, Time: 00:02:14

Health: -11/40     AC:  7    Str: 26    XL:     4   Next: 48%
Magic:  3/3        EV:  9    Int:  5    God:
Gold:   94         SH: 10    Dex: 10    Spells: 3/3 levels left

rFire    . . .     SeeInvis .   a - +0 long sword
rCold    . . .     Gourm    .   c - +0 shield
rNeg     . . .     Faith    .   b - +0 scale mail
rPois    .         Spirit   .   (helmet restricted)
rElec    .         Reflect  .   (no cloak)
rCorr    .         Harm     .   (no gloves)
MR       .....                  (no boots)
Stlth    ..........             (no amulet)
Regen    0.2/turn               e - ring of wizardry
MPRegen  0.1/turn               h - ring of wizardry

@: mighty
A: retaliatory headbutt, horns 2
a: no special abilities


You were on level 3 of the Dungeon.
You were very hungry.

You visited 1 branch of the dungeon, and saw 3 of its levels.

You collected 94 gold pieces.

Inventory:

Hand Weapons
 a - a +0 long sword (weapon)
Armour
 b - a +0 scale mail (worn)
 c - a +0 shield (worn)
Jewellery
 e - a ring of wizardry (left hand)
 h - a ring of wizardry (right hand)
Scrolls
 j - 5 scrolls of identify {unknown}
 k - a scroll of fog {unknown}
 m - 2 scrolls of enchant weapon {unknown}
 n - a scroll of blinking {unknown}
 q - a scroll of noise {unknown}
Potions
 d - 2 potions of might
 i - a potion of mutation {unknown}
 o - a potion of magic {unknown}
 p - a potion of cancellation {unknown}
Comestibles
 f - 3 bread rations
 g - a royal jelly
 l - a meat ration


   Skills:
 + Level 4.2 Fighting
 + Level 3.3 Long Blades
 + Level 4.0 Armour
 + Level 2.4 Dodging
 + Level 4.3 Shields


You had 3 spell levels left.
You didn't know any spells.

Dungeon Overview and Level Annotations

Branches:
Dungeon (3/15)

Altars:


Innate Abilities, Weirdness & Mutations

You reflexively headbutt those who attack you in melee.
You have a pair of horns on your head.


Message History

You closely miss the orc. The orc hits you but does no damage.
You hit the orc.
The orc is heavily wounded.
The orc priest calls upon Beogh to heal the orc.
The orc's wounds heal themselves!
The orc closely misses you.
The orc priest looks satisfied for a moment.
You hear a shout!
An orc wizard comes into view. It is wielding a dagger.
You closely miss the orc. You headbutt the orc.
The orc is moderately wounded.
The orc hits you with a club.
* * * LOW HITPOINT WARNING * * *
The orc wizard gestures wildly while chanting.
The orc wizard flickers and vanishes!
Deactivating autopickup; reactivate with Ctrl-A.
You feel very mighty all of a sudden. You block the orc's attack.
The orc priest invokes the aid of Beogh against you.
Beogh smites you!
You die...

.# #.####)#.## .. #.#
# #.##.#.## #. #.#
#....#.## #.# #.#
#.####.## .. #.#
#...<#.## #. #.#
######.## #†## #.# #
##..###.##############
+..oo@................
###.###.##############
#.. #.# ##? #.# o.#.#
.o#.# .S..# ..#


You could see an orc priest and an orc.

Vanquished Creatures
  Jessica (D:2)
  2 adders (D:2)
  A worm (D:3)
  A dart slug (D:2)
  2 leopard geckos (D:2)
  3 bats
  3 giant cockroaches
  10 goblins
  4 hobgoblins
  7 jackals
  4 kobolds
  3 frilled lizards
  4 rats
45 creatures vanquished.

Notes
Turn   | Place    | Note
-------+----------+-------------------------------------------
     0 | D:1      | greprep the Minotaur Fighter began the quest for the Orb.
     0 | D:1      | Reached XP level 1. HP: 19/19 MP: 0/0
   137 | D:1      | Reached XP level 2. HP: 23/27 MP: 1/1
   217 | D:1      | Reached skill level 1 in Dodging
   598 | D:2      | Reached XP level 3. HP: 33/33 MP: 2/2
  1091 | D:2      | Noticed Jessica
  1096 | D:2      | Killed Jessica
  1096 | D:2      | Reached XP level 4. HP: 40/40 MP: 3/3
  1210 | D:3      | Killed from afar by an orc priest

Skill      XL: |  1  2  3 |
---------------+----------+-----
Dodging        | 1 2 |  2.4
Shields        | 4 |  4.3
Fighting       | 4 |  4.2
Long Blades    | 3 |  3.3
Armour         | 4 |  4.0

Action                   |  1- 3 |  4- 6 || total
-------------------------+-------+-------++-------
Melee: Long sword        |   101 |    29 ||   130
       Headbutt          |    12 |     3 ||    15
  Use: Potion            |       |     1 ||     1
Armor: Scale mail        |    36 |     7 ||    43
Dodge: Dodged            |    46 |    12 ||    58
Block: Shield            |    68 |    14 ||    82
       Rpst.: Long sword |    12 |     2 ||    14
